 Dungeon Crawl Stone Soup version 0.25.1-8-g42b30a86e7 (webtiles) character file.

Game seed: 5069685932469247671

194 Gabide the Skirmisher (level 6, -1/48 HPs)
             Began as a Human Abyssal Knight on Dec 4, 2020.
             Was a Believer of Lugonu.
             Succumbed to a scorpion's poison
             ... on level 2 of the Dungeon.
             The game lasted 00:05:16 (2471 turns).

Gabide the Skirmisher (Human Abyssal Knight)        Turns: 2471, Time: 00:05:17

Health: -1/48      AC:  5    Str: 14    XL:     6   Next: 3%
Magic:  8/8        EV: 11    Int: 19    God:    Lugonu [**....]
Gold:   83         SH:  0    Dex: 12    Spells: 5/5 levels left

rFire    . . .     SeeInvis .   (no weapon)
rCold    . . .     Gourm    .   (no shield)
rNeg     . . .     Faith    .   f - +0 ring mail
rPois    .         Spirit   .   (no helmet)
rElec    .         Reflect  .   (no cloak)
rCorr    .         Harm     .   (no gloves)
MR       .....                  (no boots)
Stlth    +.........             (no amulet)
HPRegen  0.16/turn              e - +6 ring of intelligence
MPRegen  0.11/turn              (no ring)

@: lethally poisoned (-1 -> -16)
A: no striking features
a: Depart the Abyss, Bend Space, Renounce Religion


You were on level 2 of the Dungeon.
You worshipped Lugonu.
Lugonu was pleased with you.
You were not hungry.

You visited 1 branch of the dungeon, and saw 3 of its levels.
You visited the Abyss 1 time.

You collected 83 gold pieces.

Inventory:

Hand Weapons
 a - a +2 spear
Missiles
 b - 2 javelins (quivered)
Armour
 f - a +0 ring mail (worn)
Jewellery
 e - a +6 ring of intelligence (left hand)
Comestibles
 c - 5 rations


   Skills:
 + Level 4.0 Fighting
 + Level 3.1 Polearms
 + Level 0.2 Throwing
 + Level 2.8 Armour
 + Level 1.5 Dodging
 + Level 1.0 Stealth
 * Level 0.8 Unarmed Combat
 * Level 3.4 Invocations


You had 5 spell levels left.
You didn't know any spells.
Your spell library was empty.

Dungeon Overview and Level Annotations

Branches:
Dungeon (3/15)

Altars:
Trog


Message History

You are now empty-handed.
You aren't carrying any potions.
You aren't carrying any scrolls.
* * * LOW HITPOINT WARNING * * *
You feel sick.
Throwing (i - inventory)
b - 3 javelins (quivered)
Press: ? - help, Shift-Dir - straight line, f - scorpion
Aim: a scorpion (almost dead)
You throw a javelin.
The javelin pierces through the scorpion!
You kill the scorpion!
Lugonu accepts your kill.
Your Fighting skill increases to level 4!
Your Polearms skill increases to level 3!
You have reached level 6!
Your experience leads to an increase in your attributes!
Your base attributes are Str 13, Int 13, Dex 12.
Increase (S)trength, (I)ntelligence, or (D)exterity?
You feel stronger.
You die...

#....[.........##...≈##⌠#⌠##
#..............##...§#≈≈§≈≈#
##..............##...≈#≈...§#
#...#'#.#+###....'...≈#≈...≈§
#...#†#........###....'.._§§#
#.....###.####.#(#...≈#≈.§§≈§
##...### #...<........≈#≈..§§#
#....# ####>........≈#≈≈≈≈≈#
#.#### #@#).....#§##⌠#⌠##
#.###########.##<....#≈≈######
#..........##.##.#...#.#.# #.
#########(....##.......#'#####
#....................#
#...(................#
#....#................
######...............#
#...............#


There were no monsters in sight!

Vanquished Creatures
  A scorpion (D:2)
  An orc wizard (D:3)
  3 adders (D:2)
  4 oozes
  2 worms (D:2)
  A leopard gecko (D:1)
  An orc (D:3)
  9 bats
  5 giant cockroaches
  3 goblins
  10 hobgoblins
  2 jackals (D:1)
  7 kobolds
  A quokka (D:3)
  5 frilled lizards
  9 rats
64 creatures vanquished.

Notes
Turn   | Place    | Note
-------+----------+-------------------------------------------
     0 | Abyss:1  | Gabide the Human Abyssal Knight began the quest for the
                  | Orb.
     0 | Abyss:1  | Reached XP level 1. HP: 18/18 MP: 2/2
    89 | Abyss:1  | Noticed a hellwing
    90 | D:1      | Escaped the Abyss
   257 | D:1      | Reached XP level 2. HP: 24/24 MP: 3/3
   271 | D:1      | Reached * piety under Lugonu
   357 | D:1      | Reached XP level 3. HP: 28/29 MP: 4/4
   960 | D:2      | Reached XP level 4. HP: 37/37 MP: 6/6
  1632 | D:2      | Reached skill level 1 in Stealth
  1763 | D:2      | Reached ** piety under Lugonu
  1951 | D:2      | Reached XP level 5. HP: 42/42 MP: 7/7
  2011 | D:2      | Found a bloodstained altar of Trog.
  2470 | D:2      | HP: 1/42 [poisoned by a scorpion]
  2471 | D:2      | Reached skill level 4 in Fighting
  2471 | D:2      | Reached XP level 6. HP: 1/48 MP: 8/8
  2471 | D:2      | Succumbed to a scorpion's poison

Illustrated notes

Levels and vault maps discovered:
D:1:      minmay_arrival_five_plusses, layout_loops_cross,
          hangedman_decor_peaks_small, st_stairs_6, minmay_pentomino_q2
D:2:      layout_basic, lightli_temple_of_fire
D:3:      layout_basic, lemuel_coloured_pillars_altar, first_ration,
          nrook_campfire, minmay_fractal_squares_5

Skill      XL: |  1  2  3  4  5 |
---------------+----------------+-----
Invocations    | 3 |  3.4
Stealth        | 1 |  1.0
Fighting       | 4 |  4.0
Polearms       | 3 |  3.1
Throwing       | |  0.2
Armour         | |  2.8
Dodging        | |  1.5
Unarmed Combat | |  0.8

Action                   |  1- 3 |  4- 6 || total
-------------------------+-------+-------++-------
Melee: Spear             |    95 |   143 ||   238
Throw: Javelin           |       |    13 ||    13
Invok: Depart the Abyss  |     1 |       ||     1
  Use: Scroll            |     5 |     3 ||     8
       Potion            |       |     1 ||     1
  Eat: Chunk             |       |     5 ||     5
Armor: Ring mail         |    30 |    38 ||    68
Dodge: Dodged            |    44 |    60 ||   104
